 Dungeon Crawl Stone Soup version 0.30-a0-242-g7bf8e6d787 (webtiles) character file.

Game seed: 13920789212876116734

16 sleeves the Trooper (level 2, 0/25 HPs)
             Began as a Demonspawn Cinder Acolyte on Oct 11, 2022.
             Was a High Priest of Ignis.
             Slain by a gnoll
             ... wielding a +0 whip
              (6 damage)
             ... on level 1 of the Dungeon.
             The game lasted 00:00:49 (805 turns).

sleeves the Trooper (Demonspawn Cinder Acolyte)      Turns: 805, Time: 00:00:50

Health: 0/25       AC:  4    Str: 14    XL:     2   Next: 41%
Magic:  3/3        EV: 11    Int: 15    God:    Ignis [*****.]
Gold:   95         SH:  0    Dex:  8    Spells: 3/3 levels left

rFire   + . .      SeeInvis .    f - +0 long sword
rCold   . . .      Faith    .    i - orb {light}
rNeg    . . .      Spirit   .    b - +0 robe
rPois   .          Reflect  .    (no helmet)
rElec   .          Harm     .    (no cloak)
rCorr   .          Rampage  .    (no gloves)
Will    .....                    (no boots)
Stlth   +.........               (no amulet)
HPRegen 0.24/turn                (no ring)
MPRegen 0.08/turn                (no ring)

@: glowing
A: yellow scales 1
a: Renounce Religion, Fiery Armour, Foxfire Swarm, Rising Flame


You were on level 1 of the Dungeon.
You worshipped Ignis.
Ignis was extremely pleased with you.
You visited 1 branch of the dungeon, and saw 2 of its levels.

You collected 95 gold pieces.

Inventory:

Hand Weapons
 a - a -1 falchion of flaming
 f - a +0 long sword (weapon)
   (You found it on level 1 of the Dungeon)
Missiles
 e - 4 boomerangs of dispersal (quivered)
Armour
 b - a +0 robe (worn)
 i - an orb of light (worn)
   (You found it on level 1 of the Dungeon)
Scrolls
 c - 2 scrolls of vulnerability {unknown}
 d - a scroll of identify {unknown}
 h - a scroll of poison {unknown}
Potions
 g - a potion of curing {unknown}
 j - a potion of mutation {unknown}
 k - a potion of ambrosia {unknown}


   Skills:
 + Level 3.8 Fighting
 - Level 2.6 Long Blades
 - Level 1.0 Spellcasting
 - Level 2.6 Fire Magic


You had 3 spell levels left.
You didn't know any spells.
Your spell library contained the following spells:

 Spells                   Type           Power      Damage    Failure   Level
 Scorch                   Fire           16%        2d6       12%         2


Dungeon Overview and Level Annotations

Branches:
Dungeon (2/15)

Altars:


Innate Abilities, Weirdness & Mutations

You are partially covered in yellow scales. (AC +2)


Message History

Welcome, sleeves the Demonspawn Cinder Acolyte.
A smirking vizier told you that the Orb of Zot is just within this dungeon.
The flames of Ignis gently warm you.
Press ? for a list of commands and other information.
Found 2 gold pieces, a scroll labelled OSAIDUENGUA and a leather armour.
Found a staircase leading out of the dungeon.
You now have 2 gold pieces.
c - a scroll labelled OSAIDUENGUA You now have 14 gold pieces (gained 12).
Found a spear.
Found a leather armour.
Found a robe.
A bat comes into view.
The bat barely misses you.
You barely miss the bat. The bat barely misses you.
The bat hits you but does no damage.
You closely miss the bat. The bat barely misses you.
The bat closely misses you.
You barely miss the bat. The bat hits you but does no damage.
You miss the bat. The bat closely misses you. The bat hits you.
You closely miss the bat. The bat barely misses you.
The bat hits you but does no damage. The bat misses you.
The bat hits you but does no damage.
You barely miss the bat. The bat barely misses you.
A bat is nearby!
A bat is nearby!
A bat is nearby!
The bat barely misses you. The bat hits you. The bat closely misses you.
You miss the bat. The bat misses you. The bat hits you but does no damage.
You hit the bat. You burn the bat.
You kill the bat!
No target in view!
No target in view!
No target in view!
No target in view!
No target in view!
No target in view!
No target in view!
No target in view!
No target in view!
No target in view!
HP restored.
Found a stone staircase leading down.
You now have 21 gold pieces (gained 7).
You now have 33 gold pieces (gained 12).
You now have 42 gold pieces (gained 9).
d - a scroll labelled DUNURH POD NOU
Found a robe.
No target in view!
No target in view!
No target in view!
No target in view!
No target in view!
No target in view!
No target in view!
No target in view!
No target in view!
A bat and a goblin come into view.
Found 4 boomerangs of dispersal.
The goblin shouts!
There are monsters nearby!
There are monsters nearby!
The helpless bat fails to defend itself.
You hit the bat. You burn the bat.
You kill the bat!
You hit the goblin but do no damage. The goblin hits you with a +0 club.
You barely miss the goblin. The goblin misses you.
You hit the goblin. You burn the goblin.
You kill the goblin!
No target in view!
No target in view!
You see here 4 boomerangs of dispersal.
A rat comes into view.
There are no items here.
You see here 4 boomerangs of dispersal.
e - 4 boomerangs of dispersal You hit the rat.
You burn the rat.
You kill the rat!
No target in view!
No target in view!
No target in view!
No target in view!
No target in view!
No target in view!
No target in view!
No target in view!
You see here a rat corpse.
You now have 51 gold pieces (gained 9).
Found a sling.
A kobold comes into view. It is wielding a +0 dagger.
The kobold shouts!
A kobold is nearby!
The kobold throws a stone.
The stone hits you.
A quokka comes into view.
You hit the kobold but do no damage. The kobold barely misses you.
You hit the kobold. You burn the kobold.
You kill the kobold!
Found a long sword.
The quokka bites you.
You hit the quokka. You burn the quokka.
The quokka is heavily wounded.
The quokka barely misses you.
You closely miss the quokka.
The quokka is moderately wounded.
The quokka bites you. The quokka closely misses you.
You closely miss the quokka. Your punch misses the quokka.
The quokka is moderately wounded.
The quokka barely misses you.
You hit the quokka. You burn the quokka.
You kill the quokka!
Things that are here:
a +0 dagger; 2 stones; a kobold corpse
c - 2 scrolls labelled OSAIDUENGUA (gained 1)
Found a dagger.
Found a stone staircase leading down.
You see here a +0 long sword.
f - a +0 long sword Your -1 falchion of flaming stops flaming.
f - a +0 long sword (weapon)
A quokka comes into view.
Found a coppery potion.
A quokka is nearby!
A quokka is nearby!
Found a mace.
The quokka closely misses you.
You closely miss the quokka. Your punch misses the quokka.
The quokka bites you.
You barely miss the quokka. The quokka bites you. x2
You are too injured to fight recklessly!
You are too injured to fight recklessly!
You are too injured to fight recklessly!
You are too injured to fight recklessly!
You are too injured to fight recklessly!
You are too injured to fight recklessly!
You are too injured to fight recklessly!
A quokka is nearby!
A quokka is nearby!
You hit the quokka.
You kill the quokka!
You have reached level 2!
Your demonic ancestry asserts itself...
Yellow scales grow over part of your body.
You see here a quokka corpse.
A ball python and a bat come into view.
Found a scroll labelled BIUPHY URULO.
The bat hits you but does no damage.
There are monsters nearby!
There are monsters nearby!
There are monsters nearby!
You closely miss the bat. The bat misses you.
You miss the bat. The bat misses you.
The ball python bites you but does no damage.
The ball python closely misses you.
You slash the ball python!
You kill the ball python!
The bat hits you. The bat completely misses you.
You see here a quokka corpse.
You miss the bat. The bat barely misses you. The bat hits you.
The bat closely misses you.
You closely miss the bat. The bat hits you. The bat misses you.
You barely miss the bat. The bat closely misses you.
The bat hits you but does no damage. The bat barely misses you.
No target in view!
No target in view!
No target in view!
No target in view!
No target in view!
You see here a quokka corpse.
A kobold and a hobgoblin come into view.
The kobold shouts!
A rat comes into view.
There are monsters nearby!
A ball python comes into view.
You closely miss the bat.
The ball python hisses angrily.
The bat hits you but does no damage. The hobgoblin barely misses you.
The bat barely misses you.
You miss the bat. The bat closely misses you. x2
The hobgoblin closely misses you.
You closely miss the bat. The bat closely misses you.
The hobgoblin barely misses you. The bat closely misses you.
The hobgoblin hits you but does no damage.
You slash the bat!
You kill the bat!
The hobgoblin barely misses you.
You barely miss the hobgoblin.
The hobgoblin hits you but does no damage.
You slash the hobgoblin!
You kill the hobgoblin!
You hit the rat.
You kill the rat!
You barely miss the ball python.
The ball python bites you but does no damage.
The ball python grabs you. The ball python constricts you.
The ball python barely misses you. The ball python constricts you.
You closely miss the ball python. The ball python barely misses you.
The ball python constricts you.
You closely miss the ball python. The ball python bites you.
The ball python constricts you.
The ball python bites you but does no damage.
The ball python constricts you.
You slash the ball python!
You kill the ball python!
The kobold throws a stone.
The stone barely misses you.
Found 6 stones and a runed orb.
The kobold hits you but does no damage.
You barely miss the kobold. The kobold closely misses you.
You hit the kobold.
The kobold is severely wounded.
The kobold hits you with a +0 short sword.
You hit the kobold but do no damage.
The kobold is severely wounded.
The kobold hits you but does no damage. The kobold closely misses you.
You hit the kobold.
The kobold is severely wounded.
The kobold closely misses you.
You hit the kobold.
You kill the kobold!
No target in view!
No target in view!
No target in view!
No target in view!
No target in view!
No target in view!
No target in view!
No target in view!
No target in view!
No target in view!
g - a coppery potion
Things that are here:
a +0 short sword; 5 stones; a kobold corpse
Found 4 stones.
h - a scroll labelled BIUPHY URULO You see here an orb of light.
i - an orb of light You start putting on your armour.
You continue putting on your orb of light. x4
You finish putting on your orb of light.
You see here 4 stones.
j - an amethyst potion
Things that are here:
a +0 short sword; 5 stones; a kobold corpse You now have 57 gold pieces (gained 6).
k - a clear potion You now have 69 gold pieces (gained 12).
A ball python comes into view.
The ball python hisses angrily.
You hit the ball python.
The ball python is severely wounded.
The ball python barely misses you. The ball python grabs you.
The ball python constricts you.
You barely miss the ball python.
The ball python is severely wounded.
The ball python bites you. The ball python constricts you.
The ball python bites you but does no damage.
The ball python constricts you.
You hit the ball python but do no damage.
The ball python is moderately wounded.
The ball python bites you. The ball python constricts you.
You hit the ball python but do no damage.
The ball python is moderately wounded.
The ball python bites you but does no damage.
The ball python constricts you. The ball python barely misses you.
The ball python constricts you.
You hit the ball python.
You kill the ball python!
No target in view!
No target in view!
No target in view!
No target in view!
You see here a ball python corpse.
Found an escape hatch in the floor.
There is an escape hatch in the floor here.
You see here a +0 robe.
A ball python comes into view.
The ball python hisses angrily.
A ball python is nearby!
Found 13 gold pieces.
You barely miss the ball python. The ball python completely misses you.
The ball python grabs you. The ball python constricts you.
The ball python barely misses you. The ball python constricts you.
You hit the ball python.
You kill the ball python!
No target in view!
No target in view!
No target in view!
No target in view!
No target in view!
No target in view!
No target in view!
No target in view!
You see here a ball python corpse.
You now have 82 gold pieces (gained 13).
Found a ring mail.
You see here a +0 ring mail.
You now have 95 gold pieces (gained 13).
A kobold comes into view. It is wielding a +0 club.
The kobold shouts!
A kobold is nearby!
The kobold throws a stone.
The stone closely misses you.
The kobold throws a stone.
The stone hits you. The kobold hits you but does no damage.
You completely miss the kobold. The kobold barely misses you.
You hit the kobold.
The kobold is moderately wounded.
The kobold closely misses you. The kobold hits you with a +0 club.
You barely miss the kobold.
The kobold is moderately wounded.
The kobold hits you but does no damage.
You barely miss the kobold.
The kobold is moderately wounded.
The kobold hits you but does no damage.
You closely miss the kobold.
The kobold is moderately wounded.
The kobold misses you.
You hit the kobold.
You kill the kobold!
No target in view!
No target in view!
No target in view!
No target in view!
No target in view!
Things that are here:
a +0 club; 3 stones A rat comes into view.
A rat is nearby!
A rat is nearby!
A rat is nearby!
The rat twitches its whiskers.
The rat bites you but does no damage.
You hit the rat.
You kill the rat!
No target in view!
No target in view!
No target in view!
No target in view!
No target in view!
No target in view!
No target in view!
Found a stone staircase leading down.
There is a stone staircase leading down here.
Done exploring.
Done exploring.
Done exploring.
Done exploring.
(D) Dungeon
Where to? (? - help)
You see here a +0 leather armour.
You see here a +0 spear.
There is a stone staircase leading down here.
You climb downwards.
The gnoll shouts!
You hear an angry hiss.
Found a scroll labelled DUNURH POD NOU.
There is a stone staircase leading up here.
A gnoll is nearby!
A gnoll is nearby!
A gnoll is nearby!
A gnoll comes into view. It is wielding a +0 club.
An adder comes into view.
The adder hisses angrily.
A gnoll comes into view. It is wielding a +0 halberd.
The gnoll shouts!
The gnoll barely misses you.
You climb upwards.
There is a stone staircase leading down here.
You barely miss the gnoll. The gnoll hits you with a +0 whip.
You hit the gnoll but do no damage. The gnoll hits you with a +0 whip.
You hit the gnoll.
The gnoll is lightly wounded.
The gnoll barely misses you.
You hit the gnoll.
The gnoll is moderately wounded.
The gnoll hits you with a +0 whip. The gnoll barely misses you.
You are too injured to fight recklessly!
You are too injured to fight recklessly!
You are too injured to fight recklessly!
You are too injured to fight recklessly!
You are too injured to fight recklessly!
You are too injured to fight recklessly!
You are too injured to fight recklessly!
You are too injured to fight recklessly!
You are too injured to fight recklessly!
You are too injured to fight recklessly!
You are too injured to fight recklessly!
You are too injured to fight recklessly!
You are too injured to fight recklessly!
You are too injured to fight recklessly!
You are too injured to fight recklessly!
You barely miss the gnoll.
The gnoll is moderately wounded.
The gnoll hits you with a +0 whip.
* * * LOW HITPOINT WARNING * * *
You hit the gnoll.
The gnoll is heavily wounded.
The gnoll misses you.
You completely miss the gnoll.
The gnoll is heavily wounded.
The gnoll misses you.
You hit the gnoll.
The gnoll is severely wounded.
The gnoll hits you with a +0 whip.
* * * LOW HITPOINT WARNING * * *
You hit the gnoll.
The gnoll is almost dead.
The gnoll hits you with a +0 whip.
You die...

.######.##.....†...###..#######
#.....#.##.#...###......#
.####....#.#.### #.#.#..# ##
#......#.# #.#.#..#########
.####.÷....#.#####.#.#..........#
#.##.................#...........
....)......###.###.###.#.######.#
...........###.###÷###.#.### #.#
.)....#.........@g........)## #.#
.######..#...).....###......###.#
.# #..#########.# ###.#....... .#
#..# #.# #.#.####.# .# #..# #.#
#.#.# #.# .######..#### #.# #.#.#
#.# ........)...# #.# #.#.####.#
.##########.# #.# #........# .#
#.# #.# ###.######


You could see a gnoll.

Vanquished Creatures
  A goblin (D:1)
  A hobgoblin (D:1)
  3 kobolds (D:1)
  2 quokkas (D:1)
  4 ball pythons (D:1)
  3 bats (D:1)
  3 rats (D:1)
17 creatures vanquished.

Notes
Turn   | Place    | Note
-------+----------+-------------------------------------------
     0 | D:1      | sleeves the Demonspawn Cinder Acolyte began the quest for
                  | the Orb.
     0 | D:1      | Reached XP level 1. HP: 18/18 MP: 2/2
   273 | D:1      | Gained mutation: You are partially covered in yellow
                  | scales. (AC +2) [demonic ancestry]
   273 | D:1      | Reached XP level 2. HP: 14/24 MP: 3/3
   801 | D:1      | HP: 10/25 [gnoll/+0 whip (4)]
   805 | D:1      | Slain by a gnoll

Illustrated notes

Levels and vault maps discovered:
D:1:      scummos_arrival_star, layout_loops_ring, minmay_hexomino_c4
D:2:      layout_loops_ring, chequers_big_river, uniq_robin

Action                   || total
-------------------------++-------
Melee: Falchion          ||    19
       Long sword        ||    48
 Stab: Sleeping          ||     1
Armor: Robe              ||    21
Dodge: Dodged            ||    54

Table legend: (Time is in decaauts)
 A = Elapsed time spent in this place.
 B = Non-inter-level travel time spent in this place.
 C = Inter-level travel time spent in this place.
 D = Time resting spent in this place.
 E = Time spent auto-exploring this place.
 F = Levels seen in this place.
 G = Mean time per level.
                   A        B        C        D        E       F      G
               +--------+--------+--------+--------+--------+-----+--------+
         Total |    820 |    787 |     33 |      0 |    618 |   2 |  410.0 |
       Dungeon |    820 |    787 |     33 |      0 |    618 |   2 |  410.0 |
               +--------+--------+--------+--------+--------+-----+--------+

Top non-repeatable levels by time:
     D:1: 812 daAuts
     D:2: 7 daAuts
